 Dungeon Crawl Stone Soup version 0.31-a0-188-g5e087ee2ca (webtiles) character file.

Game seed: 6706371224956464475

177 qw the Skirmisher (level 5, 0/29 HPs)
             Began as a Deep Elf Hunter on June 23, 2023.
             Slain by a sky beast (2 damage)
             ... on level 7 of the Dungeon.
             The game lasted 00:00:38 (2272 turns).

qw the Skirmisher (Deep Elf Hunter)                 Turns: 2272, Time: 00:00:39

Health: 0/29       AC:  7    Str: 16    XL:     5   Next: 30%
Magic:  7/7        EV: 15    Int: 14    God:
Gold:   102        SH:  0    Dex: 18    Spells: 4/4 levels left

rFire   + . .        Y - +0 shortbow
rCold   . . .        (shield currently unavailable)
rNeg    . . .        p - +0 scale mail {rF+}
rPois   .            (no helmet)
rElec   .            g - +0 cloak
rCorr   .            (no gloves)
SInv    .            (no boots)
Will    .....        f - amulet of the acrobat
Stlth   +            l - +5 ring of evasion
HPRegen 0.24/turn    i - +6 ring of strength
MPRegen 0.10/turn

%: acrobat
@: lethally poisoned (0 -> -11)
A: no striking features
a: no special abilities


You were on level 7 of the Dungeon.
You visited 1 branch of the dungeon, and saw 5 of its levels.

You collected 102 gold pieces.


   Skills:
 - Level 1.5 Fighting
 + Level 8.8 Ranged Weapons
 - Level 2.4 Dodging
 - Level 1.2 Stealth


You had 4 spell levels left.
You didn't know any spells.
Your spell library was empty.

Inventory:

Hand Weapons
 Y - a +0 shortbow (weapon)
Armour
 a - a +0 ring mail
 g - a +0 cloak (worn)
 p - a +0 scale mail of fire resistance (worn)
Jewellery
 f - an amulet of the acrobat (around neck)
 i - a +6 ring of strength (right hand)
 l - a +5 ring of evasion (left hand)
Potions
 b - a potion of brilliance {unknown}
 d - a potion of mutation {unknown}
 e - a potion of curing {unknown}
 h - a potion of enlightenment {unknown}
 j - a potion of heal wounds {unknown}
 k - a potion of experience {unknown}

Dungeon Overview and Level Annotations

Branches:
Dungeon (4/15)
 Temple: D:4-7

Altars:

Annotations:
D:3 2 transporters, qw's ghost, amateur GrFi


Message History

A killer bee comes into view.
The sky beast flickers out of sight!
Deactivating autopickup; reactivate with Ctrl-A.
A killer bee comes into view.
The gnoll bouda barks out a call to the hunt!
The gnoll picks up the pace!
Waypoint 4 assigned to D:7.
You shoot an arrow. The arrow misses the killer bee.
The killer bee buzzes angrily.
The arrow hits the killer bee but does no damage.
A gnoll comes into view. It is wielding a +0 club.
You shoot an arrow. The arrow hits the killer bee!
The killer bee is severely wounded.
A gnoll comes into view. It is wielding a +0 whip.
You shoot an arrow.
The arrow closely misses the killer bee.
The killer bee misses you. The killer bee completely misses you.
You shoot an arrow. The arrow hits the killer bee.
You kill the killer bee!
A scorpion comes into view.
A sky beast appears from thin air!
Reactivating autopickup.
The sky beast hits you but does no damage.
The killer bee stings you. x2
You have reached level 5!
You shoot an arrow. The arrow closely misses the sky beast.
The killer bee stings you but does no damage. x2
The sky beast flickers out of sight!
Deactivating autopickup; reactivate with Ctrl-A.
Something hits you but does no damage. The killer bee stings you!
You are poisoned.
The killer bee poisons you! The killer bee stings you!
You are lethally poisoned!
The killer bee poisons you! The gnoll closely misses you.
You shoot an arrow.
The arrow hits the killer bee but does no damage.
You feel very sick. The killer bee misses you.
The killer bee stings you but does no damage.
The killer bee barely misses you. x2; Something hits you.
You die...

..# ## ..# ..
..# #.##$# #
#$.#.#
...##...#####..
........y..s...
##g@#.# #.{¤y.#
#g##.........
#. ###....... g
....... ..
##.#### .. .#
### . .#


You could see a gnoll bouda, a scorpion, 2 killer bees and 2 gnolls.

Vanquished Creatures
  A scorpion (D:3)
  A killer bee (D:7)
  Terence (D:3)
  2 adders (D:3)
  A worm (D:2)
  2 ball pythons (D:3)
  5 endoplasms
  2 goblins (D:2)
  A hobgoblin (D:1)
  4 jackals (D:2)
  5 bats
  2 frilled lizards
  3 kobolds
  3 rats
33 creatures vanquished.

Notes
Turn   | Place    | Note
-------+----------+-------------------------------------------
     0 | D:1      | qw the Deep Elf Hunter began the quest for the Orb.
     0 | D:1      | Reached XP level 1. HP: 12/12 MP: 3/3
     0 | D:1      | 0 ||| qw: Version: 0.3-a-9-g12657ce
     0 | D:1      | 0 ||| qw: Game counter: 3102
     0 | D:1      | 0 ||| qw: Always use a shield: true
     0 | D:1      | 0 ||| qw: God list: Okawaru
     0 | D:1      | 0 ||| qw: Allow faded altars: false
     0 | D:1      | 0 ||| qw: Do Orc after D:15 true
     0 | D:1      | 0 ||| qw: Do second Lair branch before Depths: true
     0 | D:1      | 0 ||| qw: Lair rune preference: random
     0 | D:1      | 0 ||| qw: Plans: Normal
     0 | D:1      | 0 ||| PLANNING D:1-11
   641 | D:1      | 641 ||| UPGRADING to amulet of the acrobat.
   646 | D:1      | 646 ||| READING scroll labelled ZUOPRU HAHOUT.
   647 | D:1      | 647 ||| READING scroll labelled FUKHLAO HEUBORGH.
   648 | D:1      | 648 ||| DROPPING scroll of butterflies.
   921 | D:2      | Reached XP level 2. HP: 16/16 MP: 4/4
   922 | D:2      | Reached skill level 6 in Ranged Weapons
  1239 | D:2      | 1239 ||| UPGRADING to +0 cloak.
  1244 | D:2      | 1244 ||| UPGRADING to +5 ring of evasion.
  1245 | D:2      | 1245 ||| READING scroll labelled ATUNUGR RUDET.
  1246 | D:2      | 1246 ||| READING scroll labelled PUREIWYCES.
  1247 | D:2      | 1247 ||| READING 2 scrolls labelled OXIATIR TICVO.
  1348 | D:2      | 1348 ||| DRINKING 2 metallic purple potions.
  1380 | D:2      | 1380 ||| DROPPING potion of lignification.
  1381 | D:2      | 1381 ||| DROPPING scroll of silence.
  1408 | D:3      | 1408 ||| STAIRDANCE
  1438 | D:3      | Reached XP level 3. HP: 20/20 MP: 5/5
  1528 | D:3      | Noticed a scorpion
  1542 | D:3      | Killed a scorpion
  1543 | D:3      | Reached skill level 7 in Ranged Weapons
  1543 | D:3      | Reached XP level 4. HP: 12/25 MP: 6/6
  1658 | D:3      | Noticed qw's ghost (amateur GrFi)
  1666 | D:3      | Found a transporter.
  1677 | D:3      | Found a transporter.
  1682 | D:3      | Identified the +9 dagger of Compulsion {flame, *Corrode
                  | rC++}
  2144 | D:3      | Reached skill level 8 in Ranged Weapons
  2161 | D:3      | Noticed Terence
  2171 | D:3      | Killed Terence
  2230 | D:3      | 2230 ||| UPGRADING to +0 ring mail.
  2240 | D:3      | 2240 ||| DROPPING +0 leather armour.
  2241 | D:3      | 2241 ||| UPGRADING to +0 scale mail of fire resistance.
  2251 | D:3      | 2251 ||| UPGRADING to +6 ring of strength.
  2252 | D:3      | 2252 ||| READING scroll labelled RAXELONAGG.
  2253 | D:3      | 2253 ||| READING scroll labelled ISHRUR KUMAT.
  2257 | D:3      | 2257 ||| READING scroll labelled FURIUN REINU.
  2264 | D:4      | You fall into a shaft and drop 3 floors!
  2266 | D:7      | Noticed a sky beast
  2270 | D:7      | Noticed a scorpion
  2271 | D:7      | Reached XP level 5. HP: 22/29 MP: 7/7
  2271 | D:7      | HP: 7/29 [killer bee (8)]
  2272 | D:7      | HP: 2/29 [poisoned by a killer bee]
  2272 | D:7      | Slain by a sky beast

Levels and vault maps discovered:
D:1:      lemuel_arrival_broad_hall, layout_loops_ring, minmay_tetromino_s4
D:2:      layout_loops_ring, minmay_misc_feat_tiny
D:3:      layout_basic, gammafunk_ghost_arena, uniq_terence
D:4:      layout_loops_corners, lemuel_round_altar
D:7:      layout_basic, minmay_temple_entry_enclosed_plants, enter_bailey_5

Skill      XL: |  1  2  3  4 |
---------------+-------------+-----
Ranged Weapons | 6 7 8 |  8.8
Fighting       | |  1.5
Dodging        | |  2.4
Stealth        | |  1.2

Action                     |  1- 3 |  4- 6 || total
---------------------------+-------+-------++-------
   Fire: Shortbow          |    75 |    31 ||   106
    Use: Scroll            |     5 |     3 ||     8
         Potion            |     1 |       ||     1
 Armour: Leather armour    |     9 |     1 ||    10
         Scale mail        |       |     5 ||     5
  Dodge: Dodged            |    28 |    11 ||    39

Table legend:
 A = Non-vault XP
 B = Vault XP
 C = Vault XP percentage of total XP
 D = Non-vault monster count
 E = Vault monster count
 F = Vault count percentage of total count
                 A         B        C        D         E       F
            +---------+---------+-------+---------+---------+-------
      Total |     215 |      38 |  15.0 |      32 |       1 |   3.0
            +---------+---------+-------+---------+---------+-------
        D:1 |       6 |       0 |   0.0 |       5 |       0 |   0.0
        D:2 |      29 |       0 |   0.0 |      16 |       0 |   0.0
        D:3 |     119 |      38 |  24.2 |      10 |       1 |   9.1
        D:7 |      61 |       0 |   0.0 |       1 |       0 |   0.0
            +---------+---------+-------+---------+---------+-------
